 Dungeon Crawl Stone Soup version 0.21-a0-630-g344d351 (webtiles) character file.

670 KristoblXynda the Charmwright (level 7, -2/33 HPs)
             Began as a Spriggan Skald on Dec 26, 2017.
             Slain by a gnoll
             ... wielding a +0 spear
              (9 damage)
             ... on level 5 of the Dungeon.
             The game lasted 00:10:01 (6077 turns).

KristoblXynda the Charmwright (Spriggan Skald)      Turns: 6077, Time: 00:10:02

Health: -2/33      AC:  2    Str:  8    XL:     7   Next: 32%
Magic:  24/24      EV: 20    Int: 16    God:
Gold:   304        SH:  0    Dex: 15    Spells: 9/16 levels left

rFire    + . .     SeeInvis +   p - +1 dagger (venom)
rCold    . . .     Gourm    .   (shield restricted)
rNeg     . . .     Faith    .   b - +0 robe
rPois    .         Spirit   .   (helmet restricted)
rElec    .         Reflect  .   (no cloak)
rCorr    .         Harm     .   (gloves unavailable)
MR       +....                  (boots unavailable)
Stlth    +++.......             (no amulet)
HPRegen  0.11/turn              s - ring of magical power
MPRegen  0.19/turn              o - ring of protection from fire

@: very quick
A: very small, unfitting armour, see invisible, herbivore, speed 3, slow
metabolism 2
a: no special abilities


You were on level 5 of the Dungeon.
You were not hungry.

You visited 1 branch of the dungeon, and saw 5 of its levels.

You collected 304 gold pieces.

Inventory:

Hand Weapons
 n - a +4 short sword
 p - a +1 dagger of venom (weapon)
Armour
 b - a +0 robe (worn)
Jewellery
 o - a ring of protection from fire (right hand)
 s - a ring of magical power (left hand)
Wands
 q - a wand of iceblast (7)
Scrolls
 f - 2 scrolls of amnesia
 g - a scroll of teleportation
 h - 4 scrolls of identify
 i - a scroll of enchant armour {unknown}
 j - 2 scrolls of fear {unknown}
 l - 4 scrolls of remove curse
 t - a scroll of random uselessness {unknown}
 u - a scroll of noise {unknown}
Potions
 a - a potion of cancellation
 e - a potion of curing
 k - a potion of invisibility
 m - 2 potions of might
Books
 c - a book of Battle

   Spells                             Type                      Level
   a - Infusion                       Charms                       1
   b - Shroud of Golubria             Charms/Translocation         2
   c - Song of Slaying                Charms                       2
   d - Spectral Weapon                Hexes/Charms                 3
   e - Regeneration                   Charms/Necromancy            3
Comestibles
 d - 7 rations


   Skills:
 - Level 1.5 Fighting
 + Level 4.8 Short Blades
 - Level 5.0 Dodging
 + Level 5.4 Stealth
 + Level 5.0 Spellcasting
 + Level 7.2 Charms


You had 9 spell levels left.
You knew the following spells:

 Your Spells              Type           Power        Failure   Level  Hunger
a - Infusion              Chrm           ####         1%          1    None
b - Regeneration          Chrm/Necr      ###.......   11%         3    ###....
c - Spectral Weapon       Hex/Chrm       ###.....     11%         3    ###....


Dungeon Overview and Level Annotations

Branches:
Dungeon (5/15)
 Temple: D:4-7

Altars:
Gozag
Hepliaklqana
Makhleb
Xom

Annotations:
D:4 Grinder; Lanoc's ghost, amateur DsWn


Innate Abilities, Weirdness & Mutations

You are very small and have problems with some larger weapons.
You are too small for most types of armour.
You have supernaturally acute eyesight. (SInv)
You are a herbivore.
You cover ground extremely quickly.
You need consume almost no food.


Message History

The gnoll shaman is lightly wounded.
The gnoll hits you from afar with a spear.
You hit the gnoll shaman but do no damage.
The gnoll shaman looks as sick as possible!
The gnoll shaman is lightly wounded.
The gnoll shaman misses you. The gnoll barely misses you.
The gnoll shaman calls upon its god to speed up the gnoll.
The gnoll seems to speed up.
You kill the gnoll shaman!
Your Spellcasting skill increases to level 5!
The gnoll hits you from afar with a spear!
The gnoll barely misses you. The gnoll hits you but does no damage.
The gnoll closely misses you.
You completely miss the gnoll. The gnoll misses you.
You closely miss the gnoll. The gnoll completely misses you.
The gnoll hits you with a spear.
* * * LOW HITPOINT WARNING * * *
The gnoll hits you from afar with a spear!
You die...

#.......#
##.......#
#.........
#.........
#........
#........ ###
###........
#.##
###.)(##....:
##@# ##gg.###
#####
#g###.).##
#gg...###
##5..## #..##
#.## #..## #
#...### ##
##.....###
###.


You could see 3 gnolls and a shadow imp.

Vanquished Creatures
  Sigmund (D:3)
  A crimson imp (D:5)
  3 orc priests
  A gnoll shaman (D:5)
  2 orc wizards
  Natasha (D:4)
  Terence (D:3)
  A worker ant (D:4)
  Robin (D:4)
  4 adders
  7 gnolls
  An ooze (D:1)
  An adder skeleton (D:2)
  5 worms
  A dart slug (D:2)
  5 leopard geckos
  15 orcs
  A ball python (D:4)
  2 giant cockroaches
  12 goblins
  11 hobgoblins
  3 quokkas
  5 bats
  4 frilled lizards
  7 kobolds
  13 rats
109 creatures vanquished.

Notes
Turn   | Place    | Note
-------+----------+-------------------------------------------
     0 | D:1      | KristoblXynda the Spriggan Skald began the quest for the Orb.
     0 | D:1      | Reached XP level 1. HP: 10/10 MP: 5/5
   240 | D:1      | Reached XP level 2. HP: 9/14 MP: 4/6
  1383 | D:2      | Reached skill level 5 in Charms
  1453 | D:2      | Reached XP level 3. HP: 10/18 MP: 8/8
  1458 | D:2      | Learned a level 3 spell: Regeneration
  1462 | D:2      | Learned a level 3 spell: Spectral Weapon
  1630 | D:2      | Found a hazy altar of Hepliaklqana.
  1693 | D:2      | Found a shimmering altar of Xom.
  1925 | D:2      | Reached skill level 1 in Stealth
  2373 | D:2      | Reached XP level 4. HP: 15/22 MP: 9/9
  2678 | D:2      | Found an opulent altar of Gozag.
  2808 | D:3      | Noticed Terence
  2818 | D:3      | Killed Terence
  2837 | D:3      | Reached skill level 5 in Dodging
  2837 | D:3      | Reached XP level 5. HP: 20/25 MP: 4/11
  3199 | D:3      | Found a burning altar of Makhleb.
  3260 | D:3      | Noticed Sigmund
  3277 | D:3      | Killed Sigmund
  3277 | D:3      | Reached skill level 6 in Charms
  3277 | D:3      | Reached XP level 6. HP: 30/30 MP: 7/13
  4667 | D:4      | Reached XP level 7. HP: 8/33 MP: 15/15
  4977 | D:4      | Noticed Robin
  4985 | D:4      | Noticed Grinder
  5029 | D:4      | Reached skill level 5 in Stealth
  5046 | D:4      | Killed Robin
  5499 | D:4      | Noticed Natasha
  5525 | D:4      | Killed Natasha
  5525 | D:4      | Reached skill level 7 in Charms
  5551 | D:4      | Noticed Lanoc's ghost (amateur DsWn)
  5643 | D:4      | Paralysed by Grinder for 4 turns
  5947 | D:5      | Entered Level 5 of the Dungeon
  6068 | D:5      | Reached skill level 5 in Spellcasting
  6077 | D:5      | Slain by a gnoll

Vault maps used:
D:1:      elethiomel_arrival_maze
D:2:      xom_butterflies, marbit_many_paths, lemuel_tele_altar
D:3:      minmay_wonky_spiral, nicolae_overflow_crystal_walls, first_ration,
          uniq_terence, uniq_sigmund
D:4:      st_stairs_12, uniq_natasha, uniq_robin, uniq_grinder
D:5:      minitemple, uniq_menkaure

Skill      XL: |  1  2  3  4  5  6  7 |
---------------+----------------------+-----
Dodging        | 4 5 |  5.0
Charms         | 5 6 7 |  7.2
Short Blades   | 3 4 |  4.8
Stealth        | 1 2 3 4 5 |  5.4
Spellcasting   | 3 4 5 |  5.0
Fighting       | |  1.5

Action                   |  1- 3 |  4- 6 |  7- 9 || total
-------------------------+-------+-------+-------++-------
Melee: Short sword       |   128 |    41 |       ||   169
       Dagger            |       |   125 |    70 ||   195
 Cast: Infusion          |     5 |     6 |       ||    11
Evoke: Wand              |       |       |     1 ||     1
  Use: Scroll            |       |     8 |     2 ||    10
       Potion            |       |     2 |       ||     2
 Stab: Sleeping          |     4 |     7 |     1 ||    12
  Eat: Ration            |       |     1 |     1 ||     2
Armor: Robe              |    12 |     9 |     1 ||    22
Dodge: Dodged            |    68 |   117 |    51 ||   236

Table legend:
 A = Spawn XP
 B = Non-spawn XP
 C = Spawn XP percentage of total XP
 D = Spawn monster count
 E = Non-spawn monster count
 F = Spawn count percentage of total count
 G = Total turns spent on level
                    A         B        C        D         E        F      G
               +---------+---------+-------+---------+---------+-------+---------
         Total |       0 |     958 |   0.0 |       0 |     109 |   0.0 |  6077
               +---------+---------+-------+---------+---------+-------+---------
           D:1 |       0 |      29 |   0.0 |       0 |      16 |   0.0 |  1234
           D:2 |       0 |     100 |   0.0 |       0 |      32 |   0.0 |  1543
           D:3 |       0 |     415 |   0.0 |       0 |      22 |   0.0 |  1350
           D:4 |       0 |     298 |   0.0 |       0 |      35 |   0.0 |  1820
           D:5 |       0 |     116 |   0.0 |       0 |       4 |   0.0 |   130
               +---------+---------+-------+---------+---------+-------+---------
